 Dungeon Crawl Stone Soup version 0.25.1-8-g42b30a86e7 (webtiles) character file.

Game seed: 9008640498744315625

67 jlumianski the Shield-Bearer (level 4, -2/28 HPs)
             Began as a Gargoyle Fighter on Dec 10, 2020.
             Slain by a gnoll
             ... wielding a +0 halberd
              (6 damage)
             ... on level 3 of the Dungeon.
             The game lasted 00:05:30 (1880 turns).

jlumianski the Shield-Bearer (Gargoyle Fighter)     Turns: 1880, Time: 00:05:31

Health: -2/28      AC: 10    Str: 20    XL:     4   Next: 16%
Magic:  4/4        EV:  7    Int:  9    God:
Gold:   64         SH:  9    Dex:  9    Spells: 3/3 levels left

rFire    . . .     SeeInvis .   a - +0 war axe
rCold    . . .     Gourm    .   c - +0 kite shield
rNeg     + . .     Faith    .   b - +0 scale mail
rPois    ∞         Spirit   .   (no helmet)
rElec    +         Reflect  .   (no cloak)
rCorr    .         Harm     .   (no gloves)
MR       .....                  (no boots)
Stlth    ..........             (no amulet)
HPRegen  0.09/turn              (no ring)
MPRegen  0.09/turn              (no ring)

@: no status effects
A: negative energy resistance 1, electricity resistance, unbreathing,
petrification resistance, rot immunity, AC +3
a: no special abilities


You were on level 3 of the Dungeon.
You were very hungry.

You visited 1 branch of the dungeon, and saw 3 of its levels.

You collected 64 gold pieces.

Inventory:

Hand Weapons
 a - a +0 war axe (weapon)
Missiles
 e - 33 stones
 l - 3 curare-tipped darts (quivered)
 p - 30 bolts
Armour
 b - a +0 scale mail (worn)
 c - a +0 kite shield (worn)
Jewellery
 n - an uncursed ring of wizardry
Wands
 j - a wand of polymorph (5)
Scrolls
 g - a scroll of identify
 h - 2 scrolls of magic mapping {unknown}
 m - 2 scrolls of remove curse {unknown}
 o - a scroll of enchant armour {unknown}
 q - a scroll of immolation {unknown}
Potions
 d - a potion of might
 i - 2 potions of curing
 k - a potion of cancellation {unknown}
 r - a potion of flight {unknown}
 s - a potion of haste {unknown}
Comestibles
 f - 6 rations


   Skills:
 + Level 3.4 Fighting
 + Level 2.6 Axes
 + Level 3.8 Armour
 + Level 0.5 Dodging
 + Level 4.1 Shields


You had 3 spell levels left.
You didn't know any spells.
Your spell library was empty.

Dungeon Overview and Level Annotations

Branches:
Dungeon (3/15)

Altars:


Innate Abilities, Weirdness & Mutations

You are resistant to torment.
Your stone body is resilient. (AC +3)
You are immune to poison.
You resist negative energy. (rN+)
You are resistant to electric shocks. (rElec)
You can survive without breathing.
You are immune to petrification.
You are immune to rotting.


Message History

The gnoll hits you but does no damage. You block the gnoll's attack.
The gnoll hits you from afar with a +0 spear.
You hit the gnoll.
The gnoll is lightly wounded.
Your shield and scale mail prevent you from hitting the gnoll.
The gnoll hits you but does no damage.
The gnoll hits you from afar with a +0 spear!
You block the gnoll's attack.
You closely miss the gnoll.
The gnoll is lightly wounded.
You hit the gnoll but do no damage. You block the gnoll's attack. x2
The gnoll hits you with a +0 halberd.
* * * LOW HITPOINT WARNING * * *
You block the gnoll's attack.
You barely miss the gnoll.
The gnoll is lightly wounded.
You hit the gnoll.
You kill the gnoll!
You block the gnoll's attack. The gnoll hits you with a +0 halberd.
You die...

#. .. ....##
######### #.#...
#........ ....#
#.####### ...# #.#
##### .g# #.# #....
#g# #.# #.#.# ##@##
#.# # #.#
#..)#######.###.#.#
#...............#..
#...#######......[.
##### #######.. #..
##< ## #


You could see 2 gnolls.

Vanquished Creatures
  2 gnolls (D:3)
  An adder (D:2)
  An ooze (D:1)
  2 worms
  A dart slug (D:2)
  A leopard gecko (D:2)
  2 giant cockroaches
  2 hobgoblins
  5 jackals (D:1)
  A ball python (D:1)
  A bat (D:2)
  A frilled lizard (D:1)
  2 goblins (D:1)
  A kobold (D:1)
  6 rats
29 creatures vanquished.

Notes
Turn   | Place    | Note
-------+----------+-------------------------------------------
     0 | D:1      | jlumianski the Gargoyle Fighter began the quest for the
                  | Orb.
     0 | D:1      | Reached XP level 1. HP: 14/14 MP: 1/1
   253 | D:1      | Reached XP level 2. HP: 17/19 MP: 2/2
   839 | D:2      | Reached skill level 4 in Shields
   893 | D:2      | Reached XP level 3. HP: 22/23 MP: 3/3
  1873 | D:3      | Reached XP level 4. HP: 26/28 MP: 4/4
  1880 | D:3      | Slain by a gnoll

Illustrated notes

Levels and vault maps discovered:
D:1:      mainiacjoe_arrival_reflecting_pool, layout_basic, nrook_loot_triangle
D:2:      layout_loops_corners
D:3:      layout_loops_ring, nicolae_overflow_quartered_altars, uniq_sigmund

Skill      XL: |  1  2 |
---------------+-------+-----
Axes           | 2 |  2.6
Shields        | 4 |  4.1
Fighting       | |  3.4
Armour         | |  3.8
Dodging        | |  0.5

Action                   |  1- 3 |  4- 6 || total
-------------------------+-------+-------++-------
Melee: War axe           |   103 |     3 ||   106
  Use: Scroll            |     2 |       ||     2
  Eat: Chunk             |     2 |       ||     2
Armor: Scale mail        |    56 |     1 ||    57
Dodge: Dodged            |    30 |       ||    30
Block: Kite shield       |    61 |     7 ||    68
